 Dungeon Crawl Stone Soup version 0.30-a0-341-g682706514a (webtiles) character file.

Game seed: 7565391523406306224

77 ryw the Trooper (level 4, 0/39 HPs)
             Began as a Demonspawn Monk on Nov 1, 2022.
             Killed from afar by an orc wizard (5 damage)
             ... with a magic dart
             ... on level 2 of the Dungeon.
             The game lasted 00:04:26 (2335 turns).

ryw the Trooper (Demonspawn Monk)                   Turns: 2335, Time: 00:04:26

Health: 0/39       AC:  3    Str: 13    XL:     4   Next: 13%
Magic:  4/4        EV: 13    Int: 11    God:
Gold:   123        SH:  0    Dex: 16    Spells: 3/3 levels left

rFire   . . .      SeeInvis .    l - +0 hand axe
rCold   . . .      Faith    .    (no shield)
rNeg    . . .      Spirit   .    a - +0 robe
rPois   .          Reflect  .    (helmet restricted)
rElec   .          Harm     .    (no cloak)
rCorr   .          Rampage  .    (no gloves)
Will    .....                    (no boots)
Stlth   ++........               (no amulet)
HPRegen 0.26/turn                (no ring)
MPRegen 0.09/turn                (no ring)

@: mighty, flying
A: antennae 1, rugged brown scales 1
a: no special abilities


You were on level 2 of the Dungeon.
You visited 1 branch of the dungeon, and saw 3 of its levels.

You collected 123 gold pieces.

Inventory:

Hand Weapons
 l - a +0 hand axe (weapon)
Missiles
 e - 9 poisoned darts (quivered)
Armour
 a - a +0 robe (worn)
Jewellery
 m - a ring of protection from cold
Scrolls
 c - 2 scrolls of noise {unknown}
 f - a scroll of blinking {unknown}
 k - 3 scrolls of identify {unknown}
 o - a scroll of immolation {unknown}
 p - a scroll of amnesia {unknown}
 q - a scroll of vulnerability {unknown}
Potions
 h - a potion of heal wounds {unknown}
 i - a potion of berserk rage {unknown}
 j - a potion of brilliance {unknown}
 n - a potion of lignification {unknown}


   Skills:
 + Level 4.7 Fighting
 * Level 1.2 Axes
 - Level 2.6 Dodging
 - Level 1.7 Stealth
 - Level 2.6 Unarmed Combat


You had 3 spell levels left.
You didn't know any spells.
Your spell library was empty.

Dungeon Overview and Level Annotations

Branches:
Dungeon (3/15)

Altars:


Innate Abilities, Weirdness & Mutations

You have a pair of small antennae on your head.
You are partially covered in rugged brown scales. (AC +1, +3% HP)


Message History

Something hits you. The orc hits you with a +0 club.
You climb upwards.
Reactivating autopickup.
There is a stone staircase leading down here.
Unknown command.
Unknown command.
You slash the orc!
The orc is almost dead.
You closely miss something. You hit the worm. The worm bites you!
Something hits you but does no damage.
Deactivating autopickup; reactivate with Ctrl-A.
The orc barely misses you.
You hit the orc.
You kill the orc!
You hit something. You completely miss the worm. Something hits you.
The worm barely misses you. Something hits you.
Things that are here:
a +0 club; an orc corpse A magic dart appears from out of thin air!
The magic dart hits you.
* * * LOW HITPOINT WARNING * * *
Unknown command.
It was a potion of flight.
You feel very buoyant.
You fly up into the air.
It was a potion of might.
You feel very mighty all of a sudden. Something hits you.
* * * LOW HITPOINT WARNING * * *
You miss something.
You hear some strange, mumbled words.
A puff of flame appears from out of thin air!
The puff of flame misses you.
You barely miss something. Something hits you.
* * * LOW HITPOINT WARNING * * *
You hear some strange, mumbled words.
A magic dart appears from out of thin air!
The magic dart hits you.
You die...

#.###.###.###### #.# #<##...##.#
#.# #.......#.#########.# #
######....[...........# #
####...###.#####.################
..#.###.#### #.# ##......# ....#
#.# #.# #.......# ..#.###.# #.#
#..####.# .###...## #@# #..#.....
..#...## ##{## #..#.##.#
#..###.## #.w># #..#.##.#
..#####.## #...# #.......#
.###...#.# #...# ######.## .#
#...#.######...##### #......#
.###.....##...........###.####.##
..#.##.#.............[......##.#.
...#.#...##...........###.#......


You could see a worm.

Vanquished Creatures
  2 adders
  2 worms (D:2)
  2 dart slugs (D:1)
  An orc (D:2)
  2 bats
  5 endoplasms
  3 giant cockroaches
  7 goblins
  5 hobgoblins
  3 ball pythons
  7 frilled lizards
  4 kobolds
  3 rats
46 creatures vanquished.

Notes
Turn   | Place    | Note
-------+----------+-------------------------------------------
     0 | D:1      | ryw the Demonspawn Monk began the quest for the Orb.
     0 | D:1      | Reached XP level 1. HP: 18/18 MP: 1/1
   296 | D:1      | Gained mutation: You are partially covered in rugged brown
                  | scales. (AC +1, +3% HP) [demonic ancestry]
   296 | D:1      | Reached XP level 2. HP: 8/24 MP: 2/2
   564 | D:1      | Found a faded altar of an unknown god.
   583 | D:1      | Reached skill level 4 in Fighting
   951 | D:1      | Gained mutation: You have a pair of small antennae on your
                  | head. [demonic ancestry]
   951 | D:1      | Reached XP level 3. HP: 30/30 MP: 3/3
  1985 | D:2      | Reached skill level 1 in Axes
  2267 | D:3      | Reached XP level 4. HP: 27/39 MP: 4/4
  2289 | D:3      | Noticed a scorpion
  2335 | D:2      | Killed from afar by an orc wizard

Illustrated notes

Levels and vault maps discovered:
D:1:      dpeg_arrival_boxes_within_box, layout_basic,
          shapermc_ecumenical_altar_gd, minmay_tromino_mix6
D:2:      layout_loops_cross, serial_bayou_pond_c,
          minmay_fractal_squares_gapless_5
D:3:      layout_rooms, nemelex_dance_club_becter, nicolae_gozag_seed_capital,
          uniq_natasha

Skill      XL: |  1  2  3 |
---------------+----------+-----
Fighting       | 4 |  4.7
Axes           | 1 |  1.2
Dodging        | |  2.6
Stealth        | |  1.7
Unarmed Combat | |  2.6

Action                   |  1- 3 |  4- 6 || total
-------------------------+-------+-------++-------
Melee: Unarmed           |   127 |       ||   127
       Punch             |     1 |       ||     1
       Hand axe          |    85 |     4 ||    89
  Use: Potion            |     1 |     2 ||     3
 Stab: Sleeping          |     5 |       ||     5
Armor: Robe              |    55 |     1 ||    56
Dodge: Dodged            |   117 |     3 ||   120

Table legend: (Time is in decaauts)
 A = Elapsed time spent in this place.
 B = Non-inter-level travel time spent in this place.
 C = Inter-level travel time spent in this place.
 D = Time resting spent in this place.
 E = Time spent auto-exploring this place.
 F = Levels seen in this place.
 G = Mean time per level.
                   A        B        C        D        E       F      G
               +--------+--------+--------+--------+--------+-----+--------+
         Total |   2370 |   2304 |     66 |    157 |   1643 |   3 |  790.0 |
       Dungeon |   2370 |   2304 |     66 |    157 |   1643 |   3 |  790.0 |
               +--------+--------+--------+--------+--------+-----+--------+

Top non-repeatable levels by time:
     D:2: 1173 daAuts
     D:1: 1144 daAuts
     D:3: 52 daAuts
